 Dungeon Sprint DCSS version 0.17-a0-1805-g6093636 (webtiles) character file.

1045 nuthulu the Protected (level 8, 0/57 HPs)
             Began as a Gargoyle Fighter on Sept 12, 2015.
             Was an Initiate of Okawaru.
             Slain by Erica
             ... wielding a +0 scimitar of flaming
              (2 damage)
             ... in the Dungeon (Sprint III: "The Ten Rune Challenge").
             The game lasted 00:03:31 (1311 turns).

nuthulu the Protected (Gargoyle Fighter)            Turns: 1311, Time: 00:03:31

Health: 0/57       AC: 15    Str: 20    XL:     8   Next: 25%
Magic:  8/8        EV:  8    Int:  9    God:    Okawaru [......]
Gold:   25         SH: 12    Dex: 11    Spells: 0 memorised, 7 levels left

rFire  . . .     SeeInvis .     a - +0 flail
rCold  . . .     Clarity  .     b - +0 scale mail
rNeg   + . .     SustAt   .     c - +0 shield
rPois  ∞         Gourm    .     (no helmet)
rElec  +         Spirit   .     (no cloak)
rCorr  .         Warding  .     (no gloves)
rMut   .         NoTele   +     (no boots)
MR     .....                    (no amulet)
Stlth  ..........               (no ring)
                                (no ring)

@: slowed, very slow, not resistant to hostile enchantments, extremely
unstealthy
A: slimy green scales 1, negative energy resistance 1, electricity resistance,
spit poison 1, unbreathing, petrification resistance, rot immunity, AC +5
a: Spit Poison, Renounce Religion


You were in the Dungeon.
You worshipped Okawaru.
Okawaru was noncommittal.
You were not hungry.

You visited 1 branch You collected 25 gold pieces.

Inventory:

Hand weapons
 a - a +0 flail (weapon)
Armour
 b - a +0 scale mail (worn)
 c - a +0 shield (worn)
Magical devices
 h - a wand of fireball (12)
Scrolls
 k - a scroll of blinking
 l - 2 scrolls of holy word
 n - a scroll of remove curse
Potions
 d - a potion of mutation
 i - 2 potions of magic
 p - 2 potions of cure mutation
 q - 3 potions of flight
Comestibles
 e - a bread ration
 o - 2 royal jellies


   Skills:
 + Level 10.2 Fighting
 + Level 9.1 Maces & Flails
 + Level 10.2 Armour
 + Level 10.2 Shields


You had 7 spell levels left.
You didn't know any spells.

Dungeon Overview and Level Annotations

Branches:
Dungeon (1/1)

Altars:
Cheibriados
Dithmenos
Elyvilon
Fedhas
Gozag
Kikubaaqudgha
Makhleb
Nemelex Xobeh
Okawaru
Qazlal
Ru
Sif Muna
Trog
Vehumet
Xom
Yredelemnul
Zin
The Shining One
Jiyva
Lugonu

Annotations:
D Erica


Innate Abilities, Weirdness & Mutations

You are resistant to torment.
Your stone body is resilient (AC +5).
You are immune to poison.
You resist negative energy.
You are resistant to electric shocks.
You can survive without breathing.
You are immune to petrification.
You are immune to rotting.
You are partially covered in slimy green scales (AC +2).
You can spit weak poison.


Message History

You hear some strange, mumbled words.
You feel as though you will be slow longer.
Something hits you. Something burns you.
You barely miss something. Something hits you but does no damage.
You miss something. Something hits you. Something burns you.
You closely miss something.
You hear some strange, mumbled words.
Something tries to affect you, but you resist.
Something hits you but does no damage.
You hit something. Something hits you but does no damage.
You closely miss something.
You hear some strange, mumbled words.
An orb of energy appears from out of thin air!
The orb of energy hits you!
* * * LOW HITPOINT WARNING * * *
The orb of energy explodes!
You barely miss something. You block its attack. Something hits you.
* * * LOW HITPOINT WARNING * * *
Something burns you.
You die...

▓▓▓ ##.############
####..#___#__[#__#
#..#..#...#...#._#
#..#..###'#)###)##
##+#..#..........#
###...+)⌠........#
###...#...######'#
##....#.⌠.#__#..@#+#####
#.....#...#__#.{.#..@§§+
......#+###__#...#.#§§§#
#.....#)):#__#...'.#.§§#
##....#___#_.'...#.#§.§#
▓▓▓▓▓▓▓▓▓▓▓▓▓▓▓▓▓▓▓▓▓▓▓


There were no monsters in sight!

Vanquished Creatures
  A deep elf priest (D)
  A shadow (D)
  A spatial vortex (D)
  A necrophage (D)
  A water elemental (D)
  A jelly (D)
  A wizard (D)
  A necromancer (D)
  A kobold demonologist (D)
  3 humans (D)
  An ooze (D)
  A phantom (D)
  3 rats (D)
17 creatures vanquished.

Vanquished Creatures (others)
  2 draconian scorchers (D)
  2 yaktaurs (D)
  A plant (D)
5 creatures vanquished.

Grand Total: 22 creatures vanquished

Notes
Turn   | Place    | Note
--------------------------------------------------------------
     0 | D        | nuthulu the Gargoyle Fighter began the quest for the Orb.
     0 | D        | Reached XP level 1. HP: 14/14 MP: 1/1
    66 | D        | Killed a yaktaur
    95 | D        | Reached skill level 4 in Fighting
    95 | D        | Reached XP level 2. HP: 20/20 MP: 2/2
   118 | D        | Reached XP level 3. HP: 6/24 MP: 3/3
   189 | D        | Killed a yaktaur
   204 | D        | Killed a white draconian scorcher
   281 | D        | Killed a white draconian scorcher
   374 | D        | Gained mutation: You can spit weak poison. [potion of mutation]
   374 | D        | Gained mutation: You are partially covered in slimy green scales (AC +2). [potion of mutation]
   382 | D        | Noticed a water elemental
   387 | D        | Killed a water elemental
   387 | D        | Reached skill level 5 in Fighting
   387 | D        | Reached skill level 5 in Armour
   387 | D        | Reached skill level 5 in Shields
   387 | D        | Reached XP level 4. HP: 31/31 MP: 4/4
   419 | D        | Found a radiant altar of Vehumet.
   420 | D        | Found a deep blue altar of Sif Muna.
   420 | D        | Found an ancient bone altar of Kikubaaqudgha.
   420 | D        | Noticed a wizard
   423 | D        | Killed a wizard
   423 | D        | Reached skill level 6 in Fighting
   425 | D        | Noticed a red devil
   428 | D        | Reached skill level 5 in Maces & Flails
   428 | D        | Reached XP level 5. HP: 16/36 MP: 5/5
   596 | D        | Found a glowing silver altar of Zin.
   596 | D        | Found a glowing golden altar of the Shining One.
   596 | D        | Found a white marble altar of Elyvilon.
   597 | D        | Noticed a deep elf priest
   639 | D        | Killed a deep elf priest
   639 | D        | Reached skill level 8 in Fighting
   639 | D        | Reached XP level 6. HP: 3/44 MP: 6/6
   937 | D        | Found a basalt altar of Yredelemnul.
   937 | D        | Found a snail-covered altar of Cheibriados.
   937 | D        | Found a blossoming altar of Fedhas.
   937 | D        | Noticed a necrophage
   937 | D        | Noticed a necromancer
   939 | D        | Killed a necromancer
   949 | D        | Killed a necrophage
   949 | D        | Reached XP level 7. HP: 44/50 MP: 7/7
   987 | D        | Found an iron altar of Okawaru.
   988 | D        | Found a bloodstained altar of Trog.
   988 | D        | Noticed a human
   988 | D        | Noticed a human
  1000 | D        | Killed a human
  1000 | D        | Reached skill level 9 in Fighting
  1017 | D        | Killed a human
  1023 | D        | Became a worshipper of Warmaster Okawaru
  1103 | D        | Noticed a jelly
  1111 | D        | Killed a jelly
  1113 | D        | Noticed a shadow
  1129 | D        | Killed a shadow
  1129 | D        | Reached skill level 10 in Fighting
  1129 | D        | Reached skill level 10 in Armour
  1129 | D        | Reached skill level 10 in Shields
  1129 | D        | Reached XP level 8. HP: 35/57 MP: 8/8
  1243 | D        | Found a stormy altar of Qazlal.
  1243 | D        | Found a sacrificial altar of Ru.
  1243 | D        | Found a burning altar of Makhleb.
  1243 | D        | Found a shimmering altar of Xom.
  1243 | D        | Noticed a spatial vortex
  1244 | D        | Found a viscous altar of Jiyva.
  1244 | D        | Found a shadowy altar of Dithmenos.
  1244 | D        | Found a sparkling altar of Nemelex Xobeh.
  1244 | D        | Found a corrupted altar of Lugonu.
  1244 | D        | Found an opulent altar of Gozag.
  1258 | D        | Killed a spatial vortex
  1280 | D        | Noticed Erica
  1311 | D        | HP: 2/57 [something (4)]
  1311 | D        | Slain by Erica

Vault maps used:
D:        dungeon_sprint_mu

Action                   |  1- 3 |  4- 6 |  7- 9 || total
-------------------------+-------+-------+-------++-------
Melee: Flail             |    28 |    48 |    66 ||   142
 Abil: Spit Poison       |       |     1 |     1 ||     2
  Use: Potion            |     3 |     1 |     2 ||     6
       Scroll            |     3 |     1 |       ||     4
  Eat: Bread ration      |       |     1 |       ||     1
